 Dungeon Crawl Stone Soup version 0.29-a0-334-gb41bcbb86e (webtiles) character file.

Game seed: 6249222816420345056

19485 Dauddaud the Severer (level 12, -9/108 HPs)
             Began as a Minotaur Berserker on Apr 14, 2022.
             Was a Priest of Trog.
             Mangled by an eight-headed hydra (10 damage)
             ... on level 12 of the Dungeon.
             The game lasted 00:50:06 (14418 turns).

Dauddaud the Severer (Minotaur Berserker)          Turns: 14418, Time: 00:50:06

Health: -9/108     AC: 15    Str: 38    XL:     12   Next: 36%
Magic:  11/11      EV: 10    Int:  4    God:    Trog [***...]
Gold:   646        SH:  9    Dex:  9    Spells: 11/11 levels left

rFire   . . .      SeeInvis .   D - +2 war axe (elec)
rCold   . . .      Faith    .   U - +0 buckler
rNeg    . . .      Spirit   .   p - +0 plate armour
rPois   .          Reflect  .   q - +0 hat
rElec   .          Harm     .   r - +0 cloak
rCorr   .          Rampage  .   (no gloves)
Will    +....                   w - +0 pair of boots
Stlth   ..........              (no amulet)
HPRegen 0.28/turn               F - +6 ring of strength
MPRegen 0.12/turn               y - +6 ring of strength

@: corroded, on berserk cooldown, slowed, very slow
A: horns 2, retaliatory headbutt, large bone plates 1, clumsy 1, strong-willed 1
a: Renounce Religion, Berserk, Trog's Hand


You were on level 12 of the Dungeon.
You worshipped Trog.
Trog was most pleased with you.
You visited 2 branches of the dungeon, and saw 13 of its levels.
You also visited: Sewer.

You collected 821 gold pieces.
You spent 175 gold pieces at shops.

Inventory:

Hand Weapons
 d - a +0 whip
 D - a +2 war axe of electrocution (weapon)
 G - a +2 flail of protection
 M - a +0 dagger
 S - a +0 morningstar of flaming
Missiles
 e - 8 curare-tipped darts (quivered)
 h - a throwing net
 T - 24 poisoned darts
Armour
 p - a +0 plate armour (worn)
 q - a +0 hat (worn)
 r - a +0 cloak (worn)
 w - a +0 pair of boots (worn)
 E - a +0 chain mail
 K - a +0 troll leather armour
 U - a +0 buckler (worn)
Jewellery
 v - a +4 ring of protection
 y - a +6 ring of strength (right hand)
 F - a +6 ring of strength (left hand)
 Q - a +4 ring of protection
 R - a ring of poison resistance
 V - a ring of flight
Wands
 j - a wand of digging (8)
 s - a wand of polymorph (3)
 z - a wand of paralysis (9)
 H - a wand of flame (17)
 P - a wand of iceblast (4)
Scrolls
 a - a scroll of enchant weapon {unknown}
 c - a scroll of silence
 f - 5 scrolls of teleportation
 k - a scroll of noise {unknown}
 l - 4 scrolls of immolation
 m - a scroll of vulnerability
 n - a scroll of holy word {unknown}
 o - 2 scrolls of enchant armour {unknown}
 t - 2 scrolls of fog {unknown}
 B - 2 scrolls of magic mapping {unknown}
 I - 3 scrolls of summoning {unknown}
Potions
 b - 4 potions of curing
 g - 2 potions of haste
 i - 2 potions of ambrosia
 x - a potion of attraction
 A - 5 potions of flight
 C - 4 potions of lignification
 J - 2 potions of invisibility
 L - a potion of cancellation
 N - a potion of resistance
 O - a potion of might


   Skills:
 + Level 10.9 Fighting
 + Level 15.5(15.9) Axes
 + Level 5.9(11.6) Maces & Flails
 + Level 0.3(10.1) Polearms
 + Level 0.1 Throwing
 + Level 13.0 Armour
 + Level 5.3 Dodging
 - Level 1.6 Stealth
 + Level 5.7 Shields


You had 11 spell levels left.
You didn't know any spells.
Your spell library was empty.

Dungeon Overview and Level Annotations

Branches:
Dungeon (12/15)            Temple (1/1) D:6            Lair (0/6) D:11
    Orc (0/2) D:9           Sewer (visited)

Altars:
Ashenzari
Cheibriados
Dithmenos
Elyvilon
Fedhas
Gozag
Hepliaklqana
Kikubaaqudgha
Makhleb
Nemelex Xobeh
Okawaru
Qazlal
Ru
Sif Muna
Trog
Uskayaw
Vehumet
Wu Jian
Xom
Yredelemnul
Zin
The Shining One

Shops:
D:4 (


Innate Abilities, Weirdness & Mutations

You have a pair of horns on your head.
You reflexively headbutt those who attack you in melee.
You are partially covered in large bone plates. (SH +4)
You are clumsy. (Dex -2)
You are strong-willed. (Will+)


Message History

The eight-headed hydra closely misses you.
You block the eight-headed hydra's attack.
The eight-headed hydra bites you but does no damage.
The eight-headed hydra bites you!
* * * LOW HITPOINT WARNING * * *
The eight-headed hydra bites you but does no damage.
Your skin stops crawling.
You feel less strong-willed. The eight-headed hydra bites you.
* * * LOW HITPOINT WARNING * * *
The eight-headed hydra bites you but does no damage. x2
The eight-headed hydra bites you.
* * * LOW HITPOINT WARNING * * *
The eight-headed hydra closely misses you.
The eight-headed hydra bites you but does no damage. x3
Things that are here:
a +0 shortbow; a centaur skeleton
Okay, then.
Okay, then.
As you read the scroll of fear, it crumbles to dust.
You assume a fearsome visage.
The basilisk looks frightened!
The cyclops looks frightened!
The eight-headed hydra looks frightened!
The acid dragon looks frightened!
Cornered, the eight-headed hydra turns to fight!
Your ogre goes berserk!
You can no longer call in reinforcements.
The eight-headed hydra barely misses you.
You furiously retaliate!
You headbutt the eight-headed hydra! The eight-headed hydra bites you!
* * * LOW HITPOINT WARNING * * *
The eight-headed hydra bites you!
* * * LOW HITPOINT WARNING * * *
The eight-headed hydra bites you but does no damage.
The eight-headed hydra misses you.
The eight-headed hydra bites you but does no damage.
The eight-headed hydra bites you.
* * * LOW HITPOINT WARNING * * *
The eight-headed hydra completely misses you.
The eight-headed hydra bites you!
You die...

... .#.
..###D.##
.....{.##
..C....##
.l.)...#.
#(......#
#†# #D#
#@#
#######)#
.....>O<#
######.÷#
#..# #[.#
####


You could see an eight-headed hydra (ally target), a cyclops (fleeing), a
basilisk (fleeing), an acid dragon (fleeing) and a friendly ogre (summoned,
berserk).

Vanquished Creatures
  A boulder beetle (D:12)
  A hydra (D:12)
  A centaur warrior (D:12)
  4 two-headed ogres
  Pikel (D:8)
  2 deep elf pyromancers (D:12)
  An ugly thing (D:12)
  2 cyclopes
  A manticore (D:12)
  Maurice (D:8)
  3 unseen horrors (D:11)
  A kobold demonologist (D:10)
  5 trolls
  Sigmund (D:2)
  A shadow (D:12)
  12 yaks
  2 wyverns (D:9)
  2 vampires (D:11)
  3 steam dragons
  6 vampire mosquitoes (D:12)
  A warg (D:9)
  An acid dragon (D:12)
  2 ogres
  9 orc warriors
  2 black bears
  3 ice beasts
  5 centaurs
  4 phantoms
  2 lemures (D:8)
  4 kobold brigands
  6 bullfrogs
  3 gnoll sergeants (D:8)
  5 scorpions
  A water moccasin zombie (D:5)
  3 wights (D:6)
  A water moccasin skeleton (D:5)
  12 killer bees
  An electric eel (D:11)
  3 howler monkeys
  4 hounds
  8 jellies
  8 orc priests
  Crazy Yiuf (D:2)
  A bullfrog skeleton (D:5)
  A centaur skeleton (D:5)
  A gnoll shaman (D:6)
  Terence (D:2)
  3 iguanas
  6 orc wizards
  2 hound zombies (D:5)
  2 hound skeletons (D:5)
  A howler monkey zombie (D:5)
  Robin (D:2)
  20 gnolls
  A howler monkey skeleton (D:5)
  8 adders
  2 river rats (Sewer)
  A white imp (D:5)
  2 worms (Sewer)
  2 dart slugs (D:2)
  36 orcs
  10 ball pythons
  10 endoplasms
  9 giant cockroaches
  12 goblins
  6 hobgoblins
  2 jackals (D:5)
  28 kobolds
  10 quokkas
  13 bats
  5 frilled lizards
  8 rats
344 creatures vanquished.

Vanquished Creatures (collateral kills)
  An orc sorcerer (D:9)
1 creature vanquished.

Vanquished Creatures (others)
  A gnoll (D:8)
  6 fungi (D:11)
  5 plants (D:11)
  A withered plant (D:5)
13 creatures vanquished.

Grand Total: 358 creatures vanquished

Notes
Turn   | Place    | Note
-------+----------+-------------------------------------------
     0 | D:1      | Dauddaud the Minotaur Berserker began the quest for the
                  | Orb.
     0 | D:1      | Reached XP level 1. HP: 19/19 MP: 0/0
   300 | D:1      | Reached XP level 2. HP: 24/27 MP: 1/1
   323 | D:1      | Reached skill level 4 in Axes
  1414 | D:2      | Reached XP level 3. HP: 33/33 MP: 2/2
  1470 | D:2      | Noticed Terence
  1483 | D:2      | Killed Terence
  1859 | D:2      | Reached XP level 4. HP: 33/41 MP: 3/3
  2078 | D:2      | Reached ** piety under Trog
  2079 | D:2      | Noticed Sigmund
  2104 | D:2      | Killed Sigmund
  2105 | D:2      | Reached skill level 5 in Fighting
  2105 | D:2      | Reached skill level 5 in Axes
  2105 | D:2      | Reached skill level 1 in Stealth
  2105 | D:2      | Reached XP level 5. HP: 48/48 MP: 4/4
  2294 | D:2      | Found a runed translucent door.
  2295 | D:2      | Noticed Crazy Yiuf
  2452 | D:2      | Killed Crazy Yiuf
  2453 | D:2      | Reached XP level 6. HP: 49/56 MP: 5/5
  2677 | D:2      | Noticed Robin
  2694 | D:2      | Killed Robin
  3057 | D:3      | Reached skill level 1 in Maces & Flails
  3060 | D:3      | Reached skill level 6 in Axes
  4588 | D:3      | Reached XP level 7. HP: 35/61 MP: 6/6
  5328 | D:4      | Found Ynwauvif's Antique Weapon Shop.
  5393 | D:5      | Entered Level 5 of the Dungeon
  5395 | D:5      | Reached skill level 5 in Armour
  5464 | D:4      | Bought a glowing war axe for 175 gold pieces
  5539 | D:5      | Reached XP level 8. HP: 70/70 MP: 7/7
  5550 | D:5      | Reached skill level 5 in Maces & Flails
  5844 | D:5      | Found a glowing drain.
  5860 | Sewer    | Entered a sewer
  5946 | Sewer    | Reached *** piety under Trog
  5999 | Sewer    | Reached skill level 7 in Axes
  6001 | Sewer    | Found a viscous altar of Jiyva.
  6045 | Sewer    | Identified the +7 hunting sling of Suotofot {freeze, rF+
                  | Stlth+}
  6332 | D:6      | Found a staircase to the Ecumenical Temple.
  6359 | Temple   | Entered the Ecumenical Temple
  6687 | D:6      | Reached skill level 8 in Axes
  6730 | D:6      | Reached XP level 9. HP: 79/79 MP: 8/8
  7302 | D:6      | Reached **** piety under Trog
  7422 | D:7      | Reached skill level 9 in Axes
  7522 | D:7      | Identified the +0 scale mail of the Trees {rC+ rN+ Stlth+}
  8162 | D:8      | Reached skill level 10 in Axes
  8216 | D:8      | Noticed Maurice
  8279 | D:8      | Killed Maurice
  8280 | D:8      | Reached skill level 11 in Axes
  8857 | D:8      | Noticed Pikel
  8865 | D:8      | Killed Pikel
  8866 | D:8      | Reached XP level 10. HP: 89/89 MP: 9/9
  9828 | D:9      | Reached skill level 12 in Axes
  9833 | D:9      | Noticed a two-headed ogre
  9837 | D:9      | Found a staircase to the Orcish Mines.
  9846 | D:9      | Killed a two-headed ogre
  9847 | D:9      | Reached skill level 5 in Dodging
  9847 | D:9      | Reached skill level 1 in Shields
 10175 | D:9      | Noticed an orc sorcerer
 10180 | D:9      | Noticed a sixfirhy
 10188 | D:9      | Killed an orc sorcerer
 10463 | D:9      | Reached skill level 13 in Axes
 10480 | D:9      | Reached skill level 10 in Armour
 10835 | D:10     | Entered Level 10 of the Dungeon
 10843 | D:10     | Gained mutation: You are robust. (+10% HP) [potion of
                  | mutation]
 10843 | D:10     | Gained mutation: You passively dampen the noise of your
                  | surroundings. [potion of mutation]
 10844 | D:10     | Lost mutation: You are robust. (+10% HP) [potion of
                  | mutation]
 10844 | D:10     | Lost mutation: You passively dampen the noise of your
                  | surroundings. [potion of mutation]
 10844 | D:10     | Gained mutation: You are clumsy. (Dex -2) [potion of
                  | mutation]
 10844 | D:10     | Gained mutation: You are partially covered in large bone
                  | plates. (SH +4) [potion of mutation]
 10844 | D:10     | Gained mutation: You are strong-willed. (Will+) [potion of
                  | mutation]
 10869 | D:10     | Reached XP level 11. HP: 82/97 MP: 10/10
 11231 | D:10     | Found a sparkling altar of Nemelex Xobeh.
 11400 | D:10     | Noticed a two-headed ogre
 11404 | D:10     | Killed a two-headed ogre
 12041 | D:11     | Reached skill level 14 in Axes
 12166 | D:11     | Noticed a two-headed ogre
 12175 | D:11     | Killed a two-headed ogre
 12176 | D:11     | Reached skill level 10 in Fighting
 13507 | D:11     | Found a staircase to the Lair.
 13577 | D:12     | Noticed a deep elf pyromancer
 13586 | D:12     | Noticed a deep elf pyromancer
 13590 | D:12     | Killed a deep elf pyromancer
 13599 | D:12     | Killed a deep elf pyromancer
 13602 | D:12     | Noticed a two-headed ogre
 13611 | D:12     | Noticed a deep elf pyromancer
 13754 | D:12     | Noticed an eight-headed hydra
 13754 | D:12     | Noticed a two-headed ogre
 13844 | D:12     | Noticed a tengu warrior
 13854 | D:12     | Noticed a six-headed hydra
 13870 | D:12     | Killed a ten-headed hydra
 13871 | D:12     | Reached skill level 15 in Axes
 13876 | D:12     | Noticed a centaur warrior
 13879 | D:12     | Reached XP level 12. HP: 89/107 MP: 11/11
 13879 | D:12     | Noticed a seven-headed hydra
 13900 | D:11     | Killed a two-headed ogre
 14026 | D:12     | Noticed a boulder beetle
 14091 | D:12     | Reached skill level 5 in Shields
 14092 | D:12     | Killed a boulder beetle
 14095 | D:12     | Identified the +6 flail "Kuhiran" {freeze, Str+4}
 14396 | D:12     | Killed a centaur warrior
 14418 | D:12     | HP: 5/108 [eight-headed hydra (7)]
 14418 | D:12     | HP: 1/108 [eight-headed hydra (4)]
 14418 | D:12     | Mangled by an eight-headed hydra

Illustrated notes

Levels and vault maps discovered:
D:1:      psy_arrival_terrarium, layout_loops_corners
D:2:      layout_loops_ring, uniq_robin, uniq_sigmund, uniq_crazy_yiuf_cottage,
          uniq_terence
D:3:      layout_loops_ring
D:4:      layout_basic, serial_shops, shop_statue, uniq_grinder, uniq_duvessa
D:5:      layout_rooms, serial_undead, serial_undead_f, serial_undead_f,
          serial_undead_c, serial_undead_b, portal_sewer_entry_f
D:6:      layout_loops_cross, minmay_temple_entry_mist
D:7:      layout_layer_cave
D:8:      layout_basic, minmay_tree_intersection, grunt_ministairs_10,
          uniq_maurice, uniq_pikel
D:9:      cheibrodos_wizards_tower, layout_loops_ring, david_orc_3
D:10:     layout_basic, nemelex_spade_bored_becter, bh_walls_and_bars
D:11:     layout_basic, grunt_lair_entry_orc_guard_hut, hangedman_batty
D:12:     minmay_the_grid_octo_tiled_octocenter_mashed
          [minmay_the_grid_octo_fan_narrow,
          minmay_the_grid_octo_tetromino_candy,
          minmay_the_grid_octo_fat_diamond, minmay_the_grid_octo_clover_2,
          minmay_the_grid_octo_prize_ultimate_mussel_roller,
          minmay_the_grid_square_5x5_tetrominoes,
          minmay_the_grid_square_5x5_inner_i, minmay_the_grid_square_5x5_meh,
          minmay_the_grid_square_5x5_six], layout_loops_ring,
          gammafunk_ghost_hydra_chop
Temple:   nicolae_temple_the_god_donut

Skill      XL: |  1  2  3  4  5  6  7  8  9 10 11 12 |
---------------+-------------------------------------+-----
Axes           | 4 5 6 8 11 13 15 | 15.5
Fighting       | 4 5 6 7 8 9 10 | 10.9
Armour         | 3 4 5 6 8 10 12 13 | 13.0
Dodging        | 3 4 5 |  5.3
Stealth        | 1 |  1.6
Maces & Flails | 2 4 5 |  5.9
Shields        | 2 4 5 |  5.7
Polearms       | |  0.3
Throwing       | |  0.1

Action                   |  1- 3 |  4- 6 |  7- 9 | 10-12 || total
-------------------------+-------+-------+-------+-------++-------
Melee: Hand axe          |    67 |    20 |       |       ||    87
       Headbutt          |     9 |    13 |    41 |    56 ||   119
       Mace              |       |    66 |    45 |       ||   111
       Scythe            |       |     3 |       |       ||     3
       War axe           |       |       |   228 |   319 ||   547
       Punch             |       |       |     4 |       ||     4
Throw: Dart              |       |       |       |     1 ||     1
Invok: Berserk           |     1 |     5 |    13 |    11 ||    30
       Trog's Hand       |       |     2 |    10 |     9 ||    21
       Brothers in Arms  |       |       |       |     2 ||     2
  Use: Scroll            |     1 |       |    11 |     9 ||    21
       Potion            |       |       |     6 |     5 ||    11
 Stab: Sleeping          |     2 |       |       |       ||     2
Armor: Animal skin       |     6 |       |       |       ||     6
       Scale mail        |     6 |    40 |    23 |       ||    69
       Chain mail        |       |       |   113 |    46 ||   159
       Plate armour      |       |       |       |   220 ||   220
Dodge: Dodged            |    39 |    36 |   169 |   153 ||   397
Block: Buckler           |       |       |     5 |   116 ||   121

Table legend: (Time is in decaauts)
 A = Elapsed time spent in this place.
 B = Non-inter-level travel time spent in this place.
 C = Inter-level travel time spent in this place.
 D = Time resting spent in this place.
 E = Time spent auto-exploring this place.
 F = Levels seen in this place.
 G = Mean time per level.
                   A        B        C        D        E       F      G
               +--------+--------+--------+--------+--------+-----+--------+
         Total |  14706 |  14167 |    539 |   4682 |   6741 |  14 | 1050.4 |
       Dungeon |  14332 |  13793 |    539 |   4682 |   6594 |  12 | 1194.3 |
        Temple |     77 |     77 |      0 |      0 |     19 |   1 |   77.0 |
         Sewer |    296 |    296 |      0 |      0 |    128 |   1 |  296.0 |
               +--------+--------+--------+--------+--------+-----+--------+

Top non-repeatable levels by time:
    D:11: 2262 daAuts
     D:3: 1859 daAuts
     D:2: 1694 daAuts
     D:8: 1497 daAuts
     D:1: 1414 daAuts
     D:9: 1250 daAuts
    D:10: 1169 daAuts
     D:6: 989 daAuts
     D:7: 784 daAuts
     D:5: 619 daAuts
     D:4: 611 daAuts
   Sewer: 296 daAuts
    D:12: 180 daAuts
  Temple: 77 daAuts
